 Dungeon Crawl Stone Soup version 0.25.1-2-g60ff931df9 (webtiles) character file.

Game seed: 11230022865623000740

210 Johnny the Digger (level 5, 0/38 HPs)
             Began as a Demigod Earth Elementalist on Oct 21, 2020.
             Killed by nerve-wracking pain
             ... invoked by Grinder
              (13 damage)
             ... on level 3 of the Dungeon.
             The game lasted 00:02:57 (2815 turns).

Johnny the Digger (Demigod Earth Elementalist)      Turns: 2815, Time: 00:02:58

Health: 0/38       AC:  9    Str: 11    XL:     5   Next: 30%
Magic:  7/12       EV: 10    Int: 21    God:
Gold:   105        SH:  4    Dex: 16    Spells: 9/10 levels left

rFire    + . .     SeeInvis .   e - +2 dagger (venom)
rCold    + . .     Gourm    .   q - +0 buckler
rNeg     . . .     Faith    .   o - +0 ring mail
rPois    +         Spirit   .   (no helmet)
rElec    +         Reflect  .   m - +2 cloak
rCorr    +         Harm     .   n - +0 pair of gloves
MR       .....                  (no boots)
Stlth    +.........             (no amulet)
HPRegen  0.12/turn              (no ring)
MPRegen  0.13/turn              (no ring)

@: mighty, resistant, very slightly contaminated
A: high mp 1
a: no special abilities


You were on level 3 of the Dungeon.
You were not hungry.

You visited 1 branch of the dungeon, and saw 3 of its levels.

You collected 105 gold pieces.

Inventory:

Hand Weapons
 e - a +2 dagger of venom (weapon)
Missiles
 b - 109 stones (quivered)
Armour
 c - a +0 robe
 m - a +2 cloak (worn)
 n - a +0 pair of gloves (worn)
 o - a +0 ring mail (worn)
 q - a +0 buckler (worn)
Scrolls
 f - 2 scrolls of teleportation {unknown}
 g - a scroll of amnesia {unknown}
 j - a scroll of fear {unknown}
 k - a scroll of noise {unknown}
 l - a scroll of remove curse {unknown}
 s - a scroll of blinking {unknown}
 v - a scroll of fog {unknown}
Potions
 h - 4 potions of curing
 p - a potion of degeneration
 r - a potion of magic
Comestibles
 a - 2 chunks of flesh
 d - 3 rations


   Skills:
 - Level 1.7 Dodging
 - Level 1.7 Stealth
 + Level 1.2 Shields
 + Level 3.0 Spellcasting
   Level 0.8 Transmutations
 * Level 4.8 Earth Magic


You had 9 spell levels left.
You knew the following spells:

 Your Spells              Type           Power        Failure   Level  Hunger
a - Sandblast             Erth           ###...       7%          1    None

Your spell library contained the following spells:

 Spells                   Type           Power        Failure   Level  Hunger
 Passwall                 Tmut/Erth      ###.....     22%         2    ##.....
 Stone Arrow              Conj/Erth      ##....       47%         3    ###....
 Petrify                  Tmut/Erth      ###.....     82%         4    ####...
 Lee's Rapid Deconstruct  Erth           ###.......   88%         5    ######.


Dungeon Overview and Level Annotations

Branches:
Dungeon (3/15)

Annotations:
D:3 Grinder


Innate Abilities, Weirdness & Mutations

You have an increased reservoir of magic. (+10% MP)


Message History

Confirm with . or Enter, or press ? or * to list all spells.
Aiming: Sandblast (safe; 7% risk of failure)
Press: ? - help, Shift-Dir - straight line, f/p - Grinder
Aim: Grinder (heavily wounded)
The blast of sand hits Grinder.
Grinder is severely wounded.
b - 109 stones
Casting: Sandblast (safe; 7% risk of failure)
Confirm with . or Enter, or press ? or * to list all spells.
Aiming: Sandblast (safe; 7% risk of failure)
Press: ? - help, Shift-Dir - straight line, f/p - Grinder
Aim: Grinder (severely wounded)
You miscast Sandblast.
You are very lightly contaminated with residual magic.
Nothing appears to happen.
You hit Grinder.
Grinder is severely wounded.
Grinder gestures at you. Pain shoots through your body!
You die...

###.#.### ##.# #...##
#...÷...# #..# . .
##.....#.###.## ## ##
P.P...÷#.##.PP#### #⌠#
≈≈P.......≈≈≈P.... +..#
PP≈≈P..#.#≈≈≈≈#########⌠..##
.P≈P≈..#.#≈≈♣.......>.##.g.##
≈P♣≈P..#...≈P..........##..⌠#
≈≈≈≈P..##.≈≈≈..5@......##.<.#
#PP≈≈≈..P.≈≈P..........##oo⌠#
#P≈♣≈P.PPP♣♣PP........##.o.##
##≈P♣PPPP≈♣≈PP#########⌠..##
#P.≈♣♣P♣≈♣≈.## +o.#
##.≈≈≈♣≈≈≈.≈# #⌠# #P≈≈≈
≈♣P.## ## ##P≈ ♣≈≈PP# ≈PP≈#


You could see Grinder.

Vanquished Creatures
  A bullfrog skeleton (D:3)
  Terence (D:2)
  2 orc wizards (D:2)
  A gnoll (D:1)
  4 adders
  2 dart slugs
  4 leopard geckos
  2 orcs (D:3)
  2 giant cockroaches (D:1)
  6 goblins
  3 hobgoblins
  6 jackals (D:1)
  A quokka (D:2)
  6 bats
  6 frilled lizards
  4 kobolds
  8 rats
  A plant (D:3)
60 creatures vanquished.

Notes
Turn   | Place    | Note
-------+----------+-------------------------------------------
     0 | D:1      | Johnny the Demigod Earth Elementalist began the quest for
                  | the Orb.
     0 | D:1      | Reached XP level 1. HP: 14/14 MP: 5/5
   140 | D:1      | Reached skill level 3 in Earth Magic
   230 | D:1      | Reached XP level 2. HP: 20/20 MP: 7/7
   805 | D:1      | Reached XP level 3. HP: 26/26 MP: 6/9
  1504 | D:2      | Noticed Terence
  1515 | D:2      | Killed Terence
  1515 | D:2      | Reached skill level 4 in Earth Magic
  1674 | D:2      | Reached XP level 4. HP: 27/33 MP: 10/10
  2422 | D:3      | Reached skill level 1 in Shields
  2422 | D:3      | Reached XP level 5. HP: 29/38 MP: 10/12
  2776 | D:3      | Noticed Grinder
  2785 | D:3      | Paralysed by Grinder for 7 turns
  2798 | D:3      | Paralysed by Grinder for 7 turns
  2815 | D:3      | Killed from afar by Grinder

Illustrated notes

Levels and vault maps discovered:
D:1:      co_arrival_square_in_a_square_in_a_square, layout_basic
D:2:      layout_basic, grunt_ministairs_10, uniq_terence
D:3:      layout_rooms, serial_bayou, serial_bayou_lagoon_a,
          serial_bayou_lake_a, serial_bayou_pond_d, serial_bayou_pond_e,
          serial_bayou_pond_b, serial_bayou_shore_a, grunt_ministairs_8,
          dk_noncrumbling_2, chequers_decorated_corner, uniq_ijyb, uniq_grinder

Skill      XL: |  1  2  3  4  5 |
---------------+----------------+-----
Earth Magic    | 3 4 |  4.8
Spellcasting   | 2 3 |  3.0
Shields        | 1 |  1.2
Dodging        | |  1.7
Stealth        | |  1.7
Transmutations | |  0.8

Action                   |  1- 3 |  4- 6 || total
-------------------------+-------+-------++-------
Melee: Dagger            |    89 |    69 ||   158
 Cast: Sandblast         |     7 |    26 ||    33
  Use: Scroll            |       |     3 ||     3
       Potion            |       |     3 ||     3
 Stab: Sleeping          |     2 |       ||     2
  Eat: Chunk             |     2 |     4 ||     6
Armor: Robe              |    12 |       ||    12
       Ring mail         |     7 |    38 ||    45
Dodge: Dodged            |    56 |    38 ||    94
Block: Buckler           |       |    11 ||    11
